 Dungeon Crawl Stone Soup version 0.17-a0-1910-g4c791fa (webtiles) character file.

51 kosy22 the Skirmisher (level 3, -1/33 HPs)
             Began as a Hill Orc Fighter on Sept 25, 2015.
             Was an Initiate of Nemelex Xobeh.
             Slain by derrpe's ghost (11 damage)
             ... on level 3 of the Dungeon.
             The game lasted 00:04:40 (1747 turns).

kosy22 the Skirmisher (Hill Orc Fighter)            Turns: 1747, Time: 00:04:40

Health: -1/33      AC: 10    Str: 19    XL:     3   Next: 81%
Magic:  3/3        EV:  5    Int:  8    God:    Nemelex Xobeh [......]
Gold:   116        SH:  9    Dex: 10    Spells: 0 memorised, 2 levels left

rFire  . . .     SeeInvis .     a - +0 war axe
rCold  . . .     Clarity  .     j - +1 chain mail
rNeg   . . .     SustAt   +     c - +0 shield
rPois  .         Gourm    .     (no helmet)
rElec  .         Spirit   .     (no cloak)
rCorr  .         Warding  .     (no gloves)
rMut   .         Stasis   .     (no boots)
MR     .....                    (no amulet)
Stlth  ..........               (no ring)
                                n - ring of sustain attributes

@: not resistant to hostile enchantments, extremely unstealthy
A: no striking features
a: Renounce Religion


You were on level 3 of the Dungeon.
You worshipped Nemelex Xobeh.
Nemelex Xobeh was noncommittal.
You were full.

You visited 1 branch of the dungeon, and saw 3 of its levels.

You collected 116 gold pieces.

Inventory:

Hand weapons
 a - a +0 war axe (weapon)
Armour
 b - a +0 scale mail
 c - a +0 shield (worn)
 j - a +1 chain mail (worn)
Jewellery
 n - a ring of sustain attributes (left hand)
Scrolls
 g - a scroll of enchant armour
 h - 4 scrolls of remove curse
 i - a scroll of identify
Potions
 d - 3 potions of might
 f - 2 potions of curing
 l - a potion of ambrosia {unknown}
 m - a potion of agility {unknown}
 o - a potion of lignification {unknown}
 q - a potion of degeneration {unknown}
Comestibles
 e - 2 bread rations
 k - a meat ration
 p - a slice of pizza


   Skills:
 + Level 4.0 Fighting
 + Level 3.1 Axes
 + Level 3.8 Armour
 + Level 1.0 Dodging
 + Level 3.8 Shields


You had 2 spell levels left.
You didn't know any spells.

Dungeon Overview and Level Annotations

Branches:
Dungeon (3/15)

Altars:
Nemelex Xobeh

Annotations:
D:3 derrpe's ghost, average FoHu


Message History

You see here a stone.
Things that are here:
a poisoned needle; 2 stones You block derrpe's ghost's attack.
Your shield and chain mail prevent you from hitting derrpe's ghost.
You block derrpe's ghost's attack.
You slash derrpe's ghost!
Derrpe's ghost is moderately damaged.
You block derrpe's ghost's attack. x2
Your shield and chain mail prevent you from hitting derrpe's ghost.
Derrpe's ghost is moderately damaged.
Derrpe's ghost hits you!
You slash derrpe's ghost!
Derrpe's ghost is heavily damaged.
You block derrpe's ghost's attack. Derrpe's ghost hits you.
You closely miss derrpe's ghost.
Derrpe's ghost is heavily damaged.
Derrpe's ghost hits you!
You die...
Your body disappears without a glow.

..# .. ###.# ....#
#####..#####
#..........# #.
#...W......#
###...
#...@......##....#
#.............#
#.((()......#
#....†.....##
#....>.....#
#.(........#
#..........#
#..........#
############


You could see derrpe's ghost.

Vanquished Creatures
  2 oozes
  A giant gecko (D:2)
  An orc (D:2)
  2 giant cockroaches
  6 goblins
  6 hobgoblins
  5 jackals
  A quokka (D:3)
  4 bats
  4 kobolds
  4 rats
  A bush (D:2)
37 creatures vanquished.

Notes
Turn   | Place    | Note
--------------------------------------------------------------
     0 | D:1      | kosy22 the Hill Orc Fighter began the quest for the Orb.
     0 | D:1      | Reached XP level 1. HP: 19/19 MP: 1/1
   102 | D:1      | Reached XP level 2. HP: 16/27 MP: 2/2
   699 | D:1      | Reached XP level 3. HP: 33/33 MP: 3/3
   784 | D:1      | Reached skill level 1 in Dodging
  1151 | D:2      | Found a faded altar to an unknown god.
  1675 | D:2      | Found a sparkling altar of Nemelex Xobeh.
  1694 | D:2      | Became a worshipper of Nemelex Xobeh the Trickster
  1703 | D:2      | You fall through a shaft!
  1721 | D:3      | Reached skill level 4 in Fighting
  1738 | D:3      | Noticed derrpe's ghost (average FoHu)
  1747 | D:3      | Slain by derrpe's ghost

Vault maps used:
D:1:      wheals_arrival_shading, minmay_misc_feat_plants
D:2:      ecumenical_altar_2, serial_forest, infiniplex_forest_straight_3,
          infiniplex_forest_corner_2, infiniplex_forest_lined_3,
          infiniplex_forest_corner_1, infiniplex_forest_lined_3_way,
          infiniplex_forest_lined_room_2, infiniplex_forest_clump_double,
          infiniplex_forest_straight_2, infiniplex_forest_lined_4_way,
          first_bread, nemelex_dance_club_becter
D:3:      old_standard_altar, nicolae_ru_great_annihilating_truth

Action                   || total
-------------------------++-------
Melee: War axe           ||   168
  Use: Scroll            ||     5
       Potion            ||     1
  Eat: Bread ration      ||     2
